 Dungeon Crawl Stone Soup version 0.30.0-30-g96aa6591b8 (webtiles) character file.

Game seed: 1126634557959967106

17 cheesebisquit the Insei (level 2, -8/22 HPs)
             Began as a Djinni Transmuter on June 27, 2023.
             Mangled by Sigmund
             ... wielding a +0 scythe
              (10 damage)
             ... on level 2 of the Dungeon.
             The game lasted 00:03:20 (910 turns).

cheesebisquit the Insei (Djinni Transmuter)          Turns: 910, Time: 00:03:20

Health: -8/22      AC:  2    Str:  9    XL:     2   Next: 80%
Gold:   37         EV:  9    Int: 14    God:
                   SH:  7    Dex: 13

rFire   + + .        c - +2 hand axe (heavy)
rCold   x . .        f - +0 kite shield
rNeg    . . .        a - +0 robe
rPois   ∞            (no helmet)
rElec   .            (no cloak)
rCorr   .            (no gloves)
SInv    .            (boots unavailable)
Will    .....        (no amulet)
Stlth   +            (no ring)
HPRegen 0.23/turn    (no ring)
MPRegen 0.00/turn

%: infuse magic (-9 HP)
@: flying
A: sickness immunity, fire resistance 2, cold vulnerability 1, float, innate
caster, HP casting, extra vitality 1
a: no special abilities


You were on level 2 of the Dungeon.
You visited 1 branch of the dungeon, and saw 2 of its levels.

You collected 37 gold pieces.

Inventory:

Hand Weapons
 c - a +2 heavy hand axe (weapon)
Armour
 a - a +0 robe (worn)
 f - a +0 kite shield (worn)
Scrolls
 d - a scroll of blinking {unknown}
 e - 2 scrolls of teleportation {unknown}
 h - 2 scrolls of identify {unknown}
 j - a scroll of magic mapping {unknown}
Potions
 b - 2 potions of lignification
 g - a potion of ambrosia
 i - a potion of magic {unknown}


   Skills:
 + Level 1.6 Fighting
 - Level 2.5 Dodging
 + Level 0.4 Shields
 - Level 3.0 Unarmed Combat
 + Level 1.9 Spellcasting


You knew the following spells:

 Your Spells              Type           Power      Damage    Failure   Level
a - Beastly Appendage     Tmut           12%        N/A       56%         1
b - Wereblood             Tmut           6%         N/A       71%         2
c - Spider Form           Tmut/Pois      6%         N/A       90%         3
d - Ice Form              Ice/Tmut       6%         N/A       100%        4
Your spell library was empty.


Dungeon Overview and Level Annotations

Branches:
Dungeon (2/15)

Altars:

Annotations:
D:2 Jessica, Sigmund


Innate Abilities, Weirdness & Mutations

You are immune to sickness and miasma.
You are immune to poison.
Your flesh is very heat resistant. (rF++)
You are vulnerable to cold. (rC-)
You float through the air rather than walking.
You learn spells naturally, not from books.
Your magical power is your life essence.
You have superior vitality. (+4 MHP)


Message History

The jackal barely misses you. x2; The jackal bites you.
The jackal bites you but does no damage. x4
Something hits you!
You're too confused to cast spells.
You're too confused to cast spells.
You're too confused to cast spells.
You bump into the rock wall.
The jackal bites you.
The jackal barely misses you. x2; The jackal closely misses you.
The jackal bites you but does no damage. x2
You bump into the rock wall.
The jackal bites you but does no damage.
Something hits you!
Ouch! That really hurt!
The jackal bites you but does no damage. x2
You closely miss the jackal.
The jackal is moderately wounded.
You closely miss the jackal. You barely miss the jackal.
The jackal closely misses you. The jackal bites you. x2
The jackal bites you but does no damage.
The jackal bites you. The jackal barely misses you.
Something hits you but does no damage. The jackal closely misses you.
The jackal bites you but does no damage.
The jackal barely misses you. Something hits you.
* * * LOW HITPOINT WARNING * * *
You're too confused to move!
You feel less invigorated.
You feel less confused. The jackal barely misses you. The jackal bites you.
* * * LOW HITPOINT WARNING * * *
The jackal bites you.
* * * LOW HITPOINT WARNING * * *
The jackal bites you but does no damage.
You block the jackal's attack. The jackal misses you.
You closely miss the jackal.
The jackal is severely wounded.
You hit the jackal. You barely miss the jackal. The jackal barely misses you.
The jackal bites you but does no damage.
The jackal bites you.
* * * LOW HITPOINT WARNING * * *
Something hits you!
You die...

#..........#.....#
#.......##†#.###.# #.
#.......##...#<..# #.#
#.......##.####### #..#
#.......'......# #..
#....†..##.###.# #.#
#..†.....#.# #.#
#..##........#.# #.#
######..#@h......#.# #.#
.......Shh######.#.# #.###
.....?...h.## #.#.###...#
.............# #.#.....#.#
############.###.#..##.#.#
#......r....#.#
######....####...#.#
..........# #.)##.#
.........># #..<#.#


You could see an adder and 4 jackals.

Vanquished Creatures
  A dart slug (D:1)
  An endoplasm (D:2)
  A giant cockroach (D:1)
  A hobgoblin (D:1)
  2 kobolds
  A quokka (D:2)
  A frilled lizard (D:1)
  A goblin (D:1)
  8 rats
17 creatures vanquished.

Notes
Turn   | Place    | Note
-------+----------+-------------------------------------------
     0 | D:1      | cheesebisquit the Djinni Transmuter began the quest for the
                  | Orb.
     0 | D:1      | cheesebisquit set off with the following spells memorised:
                  | Beastly Appendage, Wereblood, Spider Form, Ice Form.
     0 | D:1      | Reached XP level 1. HP: 17/17 MP: 0/0
   323 | D:1      | Reached XP level 2. HP: 17/22 MP: 0/0
   773 | D:2      | Noticed Jessica
   775 | D:2      | Noticed Sigmund
   910 | D:2      | Mangled by Sigmund

Illustrated notes

Levels and vault maps discovered:
D:1:      lightli_arrival_maybe_door_vault, layout_loops_ring
D:2:      layout_basic, uniq_jessica, uniq_sigmund

Action                     || total
---------------------------++-------
  Melee: Hand axe          ||    45
   Cast: Beastly Appendage ||     9
    Use: Potion            ||     1
 Armour: Robe              ||    28
  Dodge: Dodged            ||    61
  Block: Kite shield       ||    17
